 Dungeon Crawl Stone Soup version 0.20-a0-77-g476458c (webtiles) character file.

3730 KristoblXynda the Cleaver (level 9, -4/67 HPs)
             Began as a Black Draconian Skald on Nov 19, 2016.
             Was an Elder of Cheibriados.
             Slain by an iguana (11 damage)
             ... on level 10 of the Dungeon.
             The game lasted 00:18:39 (10082 turns).

KristoblXynda the Cleaver (Black Draconian Skald)  Turns: 10082, Time: 00:18:39

Health: -4/67      AC: 12    Str: 32    XL:     9   Next: 92%
Magic:  14/14      EV: 18    Int: 24    God:    Cheibriados [****..]
Gold:   462        SH:  0    Dex: 26    Spells: 2 memorised, 6 levels left

rFire  . . .     SeeInvis .     G - +5 quarterstaff of the Crushed Planets {crush, rElec MR- Str+7}
rCold  + . .     Gourm    .     (armour unavailable)
rNeg   . . .     Faith    .     (shield currently unavailable)
rPois  .         Spirit   .     (helmet restricted)
rElec  +         Reflect  .     p - +1 cloak {+Inv}
rCorr  .         Harm     .     e - +0 pair of gloves
MR     .....                    n - +1 pair of boots (curse)
Stlth  ++........               (no amulet)
                                H - +4 ring of dexterity
                                g - +5 ring of dexterity

@: lethally poisoned (-4 -> -5), very slow
A: breathe lightning, unfitting armour, stinger 2, blurry vision 1, clumsy 1,
cold resistance 1, electricity resistance, cold-blooded, MP-powered wands, AC +7
a: Breathe Lightning, Bend Time, Temporal Distortion, Slouch, Renounce Religion,
Evoke Invisibility


You were on level 10 of the Dungeon.
You worshipped Cheibriados.
Cheibriados was greatly pleased with you.
You were not hungry.

You visited 2 branches of the dungeon, and saw 11 of its levels.
You also visited: Ossuary.

You collected 462 gold pieces.

Inventory:

Hand Weapons
 k - a +3 hand axe
 G - the +5 quarterstaff of the Crushed Planets (weapon) {crush, rElec MR- Str+7}
   (You found it on level 9 of the Dungeon)

   It inflicts extra damage upon your enemies.
   It affects your strength (+7).
   It insulates you from electricity.
   It affects your resistance to hostile enchantments.
Armour
 e - a +0 pair of gloves (worn)
 n - a cursed +1 pair of boots (worn)
 p - a +1 cloak of invisibility (worn)
Jewellery
 g - a +5 ring of dexterity (left hand)
 r - an uncursed ring of magical power
 w - an uncursed ring of protection from magic
 H - a +4 ring of dexterity (right hand)
Wands
 a - a wand of lightning (7/15)
 y - a wand of lightning (10/15)
 B - a wand of iceblast (9/15)
 E - a wand of heal wounds (4/9)
Scrolls
 h - 3 scrolls of remove curse
 j - a scroll of teleportation
 o - a scroll of amnesia
Potions
 f - 2 potions of cancellation
 s - a potion of curing
 u - a potion of invisibility {unknown}
 x - a potion of brilliance
 z - 3 potions of resistance
 A - a potion of mutation {unknown}
 C - 4 potions of lignification {unknown}
 D - a potion of cure mutation
Books
 b - a book of Battle

   Spells                             Type                      Level
   a - Infusion                       Charms                       1
   b - Shroud of Golubria             Charms/Translocation         2
   c - Song of Slaying                Charms                       2
   d - Spectral Weapon                Hexes/Charms                 3
   e - Regeneration                   Charms/Necromancy            3
 m - a book of Callings

   Spells                             Type                      Level
   a - Summon Small Mammal            Summoning                    1
   b - Call Imp                       Summoning                    2
   c - Call Canine Familiar           Summoning                    3
   d - Summon Guardian Golem          Hexes/Summoning              3
   e - Summon Lightning Spire         Summoning/Air                4
   f - Summon Ice Beast               Ice/Summoning                4
 q - a book of Conjurations

   Spells                             Type                      Level
   a - Magic Dart                     Conjuration                  1
   b - Searing Ray                    Conjuration                  2
   c - Dazzling Spray                 Conjuration/Hexes            3
   d - Fulminant Prism                Conjuration/Hexes            4
   e - Iskenderun's Mystic Blast      Conjuration                  4
   f - Iskenderun's Battlesphere      Conjuration/Charms           5
 I - a book of Necromancy

   Spells                             Type                      Level
   a - Pain                           Necromancy                   1
   b - Animate Skeleton               Necromancy                   1
   c - Vampiric Draining              Necromancy                   3
   d - Regeneration                   Charms/Necromancy            3
   e - Animate Dead                   Necromancy                   4
   f - Control Undead                 Necromancy                   4
Comestibles
 c - 11 bread rations
 l - a meat ration
 t - a beef jerky


   Skills:
 - Level 2.1 Fighting
 + Level 8.4 Axes
 - Level 6.1 Dodging
 - Level 2.0 Spellcasting
 - Level 4.0 Charms
 + Level 5.2 Invocations
 + Level 7.6 Evocations


You had 6 spell levels left.
You knew the following spells:

 Your Spells              Type           Power        Failure   Level  Hunger
b - Regeneration          Chrm/Necr      ##........   17%         3    ###....
c - Spectral Weapon       Hex/Chrm       ##......     17%         3    ###....


Dungeon Overview and Level Annotations

Branches:
Dungeon (10/15)            Temple (1/1) D:4
   Lair: D:8-11         Orc: D:9-12

Altars:
Ashenzari
Cheibriados
Dithmenos
Elyvilon
Fedhas
Gozag
Hepliaklqana
Kikubaaqudgha
Makhleb
Nemelex Xobeh
Okawaru
Qazlal
Ru
Sif Muna
Trog
Uskayaw
Vehumet
Xom
Yredelemnul
Zin
The Shining One

Annotations:
D:2 Sigmund


Innate Abilities, Weirdness & Mutations

You can breathe wild blasts of lightning.
Your glossy black scales are hard. (AC +7)
You cannot fit into any form of body armour.
You are resistant to electric shocks. (rElec)
You are cold-blooded and may be slowed by cold attacks.
Your tail ends in a sharp poisonous barb.
Scrolls take you a little longer to read.
You are clumsy. (Dex -2)
Your flesh is cold resistant. (rC+)
You expend magic power (3 MP) to strengthen your wands.


Message History

You begin reading the scroll.
You continue reading the scroll.
You feel yourself speed up.
As you read the scroll of teleportation, it crumbles to dust.
You feel strangely unstable.
Unknown command.
You feel sick.
You hear a blaring wail to the south.
Your surroundings suddenly seem different.
You feel sick.
An iguana comes into view.
The iguana hisses angrily.
An orc comes into view. It is wielding a dagger.
The orc shouts!
A jackal comes into view.
The jackal barks!
Found 10 gold pieces.
A jackal, an orc and a troll come into view.
You see here 10 gold pieces.
The iguana bites you!
You die...

#+## ..# ≈
#.# ≈≈≈
##@##.....
#.hl....≈≈
#......≈≈≈
#......≈≈≈
#.......T.
#...h...o≈
#.......o.
####...≈≈≈
....≈≈


You could see a troll, an iguana, 2 orcs and 2 jackals.

Vanquished Creatures
  A spriggan (D:9)
  3 hungry ghosts
  An orc warrior (D:6)
  2 sky beasts
  An ice beast (D:8)
  A black bear (D:6)
  A necrophage (D:9)
  4 ogres
  A phantom (D:9)
  2 centaurs (D:7)
  5 bullfrogs
  A wyvern zombie (D:10)
  A scorpion (D:7)
  7 wights
  5 killer bees (D:8)
  2 howler monkeys (D:8)
  2 crimson imps
  A centaur zombie (Ossuary)
  3 hounds
  2 human zombies (Ossuary)
  6 orc wizards
  3 orc priests
  2 jellies
  2 worker ants
  A big kobold zombie (Ossuary)
  2 hound zombies
  4 hound skeletons
  3 mummies (Ossuary)
  2 worker ant zombies
  9 adders
  3 shadow imps
  An ooze (D:4)
  2 adder zombies
  An adder skeleton (D:6)
  3 dart slugs
  4 leopard geckos
  15 orcs
  5 giant cockroaches
  A gnoll zombie (Ossuary)
  12 goblins
  9 hobgoblins
  12 jackals
  3 quokkas
  2 ball pythons
  7 bats
  2 frilled lizards
  A goblin zombie (Ossuary)
  A jackal zombie (D:5)
  9 kobolds
  A kobold zombie (Ossuary)
  A leopard gecko skeleton (D:5)
  A leopard gecko zombie (D:6)
  An orc zombie (Ossuary)
  A quokka skeleton (D:9)
  9 rats
187 creatures vanquished.

Notes
Turn   | Place    | Note
-------+----------+-------------------------------------------
     0 | D:1      | KristoblXynda the Draconian Skald began the quest for the Orb.
     0 | D:1      | Reached XP level 1. HP: 17/17 MP: 3/3
   152 | D:1      | Reached XP level 2. HP: 16/24 MP: 5/5
   380 | D:1      | Reached XP level 3. HP: 22/29 MP: 6/6
   957 | D:2      | Noticed Sigmund
  1405 | D:2      | Found a hide-covered altar of Uskayaw.
  1471 | D:2      | Reached XP level 4. HP: 36/36 MP: 7/7
  2379 | D:3      | Reached skill level 3 in Axes
  2607 | D:3      | Learned a level 3 spell: Regeneration
  2611 | D:3      | Learned a level 3 spell: Spectral Weapon
  3256 | D:4      | Reached XP level 5. HP: 27/41 MP: 8/8
  3558 | D:4      | Found a staircase to the Ecumenical Temple.
  3564 | Temple   | Entered the Ecumenical Temple
  3661 | Temple   | Became a worshipper of Cheibriados the Contemplative
  3971 | D:5      | Entered Level 5 of the Dungeon
  4033 | D:5      | Reached skill level 1 in Evocations
  4197 | D:5      | Reached XP level 6. HP: 13/48 MP: 9/9
  4216 | D:5      | HP: 2/48 [poisoned by a worker ant]
  4223 | D:5      | HP: 1/48 [poisoned by a worker ant]
  4231 | D:5      | HP: 1/48 [poisoned by a worker ant]
  4609 | D:5      | Found a radiant altar of Vehumet.
  5158 | D:6      | Reached skill level 4 in Axes
  5186 | D:6      | Found a sand-covered staircase.
  5193 | Ossuary  | Entered an ossuary
  5223 | Ossuary  | HP: 1/48 [mummy (14)]
  5661 | Ossuary  | Your scales start taking on a glossy black colour.
  5661 | Ossuary  | Reached XP level 7. HP: 55/55 MP: 10/10
  5661 | Ossuary  | Gained mutation: You are resistant to electric shocks. (rElec) [Black Draconian growth]
  5666 | Ossuary  | Reached * piety under Cheibriados
  6100 | D:6      | Reached skill level 5 in Axes
  6524 | D:6      | Reached skill level 5 in Dodging
  6524 | D:6      | Reached XP level 8. HP: 34/61 MP: 11/11
  6932 | D:6      | Reached ** piety under Cheibriados
  7102 | D:7      | Reached skill level 6 in Axes
  7555 | D:7      | Reached skill level 5 in Evocations
  7564 | D:7      | Gained mutation: You expend magic power (3 MP) to strengthen your wands. [mutagenic meat]
  7565 | D:7      | Gained mutation: Scrolls take you a little longer to read. [mutagenic meat]
  7566 | D:7      | Gained mutation: Your tail ends in a poisonous barb. [mutagenic meat]
  7567 | D:7      | Gained mutation: Your tail ends in a sharp poisonous barb. [mutagenic meat]
  8190 | D:8      | Reached skill level 1 in Invocations
  8269 | D:8      | Reached XP level 9. HP: 64/67 MP: 13/13
  8278 | D:8      | Reached skill level 7 in Axes
  8297 | D:8      | Reached *** piety under Cheibriados
  9334 | D:9      | Gained mutation: Your flesh is cold resistant. (rC+) [mutagenic meat]
  9335 | D:9      | Gained mutation: You are clumsy. (Dex -2) [mutagenic meat]
  9421 | D:9      | Got a translucent quarterstaff
  9422 | D:9      | Identified the +5 quarterstaff of the Crushed Planets {crush, rElec MR- Str+7} (You found it on level 9 of the Dungeon)
  9594 | D:9      | Reached skill level 8 in Axes
  9601 | D:9      | Reached **** piety under Cheibriados
  9783 | D:9      | Reached skill level 5 in Invocations
  9973 | D:10     | Entered Level 10 of the Dungeon
 10066 | D:10     | Paralysed by a hornet for 3 turns
 10073 | D:10     | Paralysed by a hornet for 2 turns
 10082 | D:10     | Noticed a troll
 10082 | D:10     | Slain by an iguana

Vault maps used:
D:1:      dpeg_arrival_subterranean_lakeside_camping, minmay_pentomino_p2
D:2:      lemuel_statue_altar, uniq_sigmund
D:3:      first_bread, st_stairs_11
D:5:      basic_altar
D:6:      enter_ossuary_1
D:7:      serial_bayou_pond_d
D:9:      the_bakery
D:10:     erik_lair_island, uniq_nergalle
Temple:   kilobyte_greek_temple
Ossuary:  ossuary_crypta

Skill      XL: |  1  2  3  4  5  6  7  8  9 |
---------------+----------------------------+-----
Charms         | 3 4 |  4.0
Dodging        | 2 3 4 5 6 |  6.1
Axes           | 3 4 5 6 8 |  8.4
Evocations     | 1 2 4 5 7 |  7.6
Invocations    | 1 5 |  5.2
Fighting       | |  2.1
Spellcasting   | |  2.0

Action                   |  1- 3 |  4- 6 |  7- 9 || total
-------------------------+-------+-------+-------++-------
Melee: Hand axe          |   137 |   246 |   410 ||   793
       Tailslap          |    14 |    39 |    81 ||   134
       Quarterstaff      |       |       |    38 ||    38
 Abil: Breathe Lightning |       |       |     3 ||     3
       Evoke Invisibilit |       |       |     1 ||     1
  Use: Scroll            |     2 |     6 |    13 ||    21
       Potion            |       |     4 |     6 ||    10
 Stab: Sleeping          |     2 |     1 |     5 ||     8
       Invisible         |       |       |     7 ||     7
  Eat: Chunk             |     2 |       |    13 ||    15
       Beef jerky        |       |     2 |     1 ||     3
       Bread ration      |       |     2 |       ||     2
       Meat ration       |       |     1 |     1 ||     2
       Fruit             |       |       |     2 ||     2
       Pizza             |       |       |     1 ||     1
Armor: Skin              |    81 |    75 |   138 ||   294
Dodge: Dodged            |   146 |   164 |   350 ||   660
